 Dungeon Crawl Stone Soup version 0.32-a0-519-g08f29ac1c3 (webtiles) character file.

Game seed: 4311648038687032142

480056 mopl the Warrior (level 24, -38/159 HPs)
             Began as a Gargoyle Fighter on Feb 27, 2024.
             Was the Champion of Okawaru.
             Killed from afar by a yellow draconian (197 damage)
             ... with an acid spray
             ... on level 4 of the Depths on Feb 28, 2024.
             The game lasted 01:55:58 (45737 turns).

mopl the Warrior (Gargoyle Fighter)                Turns: 45737, Time: 01:55:59

Health: -38/159    AC: 56    Str: 26 (28) XL:     24   Next: 84%
Magic:  0/35       EV: 23    Int:  9      God:    Okawaru [******]
Gold:   3304       SH: 17    Dex: 16 (17) Spells: 31/33 levels left

rFire   + + .        b - +10 lance "Wyrmbane" {slay drac, rPois rF+ rC+ AC+3}
rCold   + . .        I - +2 kite shield {reflect}
rNeg    + . .        S - +8 chain mail "Pierphiw" {Str+6 Int-4}
rPois   ∞            X - +2 hat "Pughoj" {Slay+6}
rElec   +            G - +1 cloak {Will+}
rCorr   .            O - +0 pair of gloves of the Fife {Regen+ Int+2}
SInv    .            Z - +2 pair of boots {Fly}
Will    ++...        C - amulet of guardian spirit
Stlth   +++          f - +5 ring of evasion
HPRegen 1.26/turn    N - ring of protection from fire
MPRegen 0.24/turn

%: reflection, guardian spirit
@: heroic, flying, studying 2 skills
A: sickness immunity, AC +18, big wings, negative energy resistance 1,
electricity resistance, torment resistance 1, petrification resistance,
deterioration 2
}: 2/15 runes: serpentine, barnacled
a: Renounce Religion, Heroism, Finesse, Duel


You were on level 4 of the Depths.
You worshipped Okawaru.
Okawaru was exalted by your worship.
You visited 9 branches of the dungeon, and saw 42 of its levels.
You visited the Abyss 1 time.
You also visited: Bailey.

You collected 5975 gold pieces.
You spent 2671 gold pieces at shops.

Inventory:

Hand Weapons
 a - a +9 eveningstar of electrocution
 b - the +10 lance "Wyrmbane" (weapon) {slay drac, rPois rF+ rC+ AC+3}
   (You found it on level 3 of the Depths)

   AC+3:      It affects your AC (+3).
   rF+:       It protects you from fire.
   rC+:       It protects you from cold.
   rPois:     It protects you from poison
Missiles
 i - 10 datura-tipped darts
 r - 53 boomerangs (quivered)
 t - 7 darts of dispersal
 E - 11 throwing nets
 L - 4 atropa-tipped darts
 M - 42 poisoned darts
 P - 28 javelins
 W - 11 curare-tipped darts
 Y - 33 silver javelins
Armour
 G - a +1 cloak of willpower (worn)
 I - a +2 kite shield of reflection (worn)
 O - the +0 pair of gloves of the Fife (worn) {Regen+ Int+2}
   (You found it on level 3 of the Elven Halls)

   Int+2:     It affects your intelligence (+2).
   Regen+:    It increases your rate of health regeneration.
 S - the +8 chain mail "Pierphiw" (worn) {Str+6 Int-4}
   (You bought it in a shop on level 2 of the Orcish Mines)

   Str+6:     It affects your strength (+6).
   Int-4:     It affects your intelligence (-4).
 X - the +2 hat "Pughoj" (worn) {Slay+6}
   (Okawaru gifted it to you on level 3 of the Lair of Beasts)

   Slay+6:    It affects your accuracy & damage with ranged weapons and melee
   (+6).
 Z - a +2 pair of boots of flying (worn)
Jewellery
 f - a +5 ring of evasion (left hand)
 h - the ring "Wynoc" {Int+3 SInv}
   (You found it on level 14 of the Dungeon)

   [ring of see invisible]

   Int+3:     It affects your intelligence (+3).
   SInv:      It lets you see invisible.
 n - a ring of resist corrosion
 C - an amulet of guardian spirit (around neck)
 N - a ring of protection from fire (right hand)
Wands
 j - a wand of mindburst (25)
 q - a wand of warping (45)
 u - a wand of acid (15)
 v - a wand of flame (94)
 H - a wand of digging (17)
 V - a wand of polymorph (7)
Scrolls
 e - 9 scrolls of vulnerability
 k - 9 scrolls of fear
 m - a scroll of silence {!r}
 o - 9 scrolls of revelation
 y - 13 scrolls of blinking
 B - 11 scrolls of teleportation
 D - a scroll of enchant armour
 F - 9 scrolls of fog
 T - 7 scrolls of poison
 U - a scroll of enchant weapon
Potions
 c - a potion of magic
 d - 9 potions of might
 g - 4 potions of berserk rage {!q}
 l - 6 potions of heal wounds
 p - 6 potions of invisibility
 s - 5 potions of ambrosia
 w - 4 potions of attraction
 x - 9 potions of lignification {!q}
 z - 2 potions of resistance
 A - 2 potions of cancellation
 J - 2 potions of mutation {!q}
 K - 8 potions of haste
 Q - 13 potions of curing
 R - 5 potions of enlightenment


   Skills:
 + Level 18.4(23.4) Fighting
 - Level 16.0(21.0) Maces & Flails
 * Level 1.2(6.2) Polearms
 + Level 14.8(19.8) Throwing
 + Level 17.7(22.7) Armour
 + Level 13.5(18.5) Dodging
 + Level 8.0(13.0) Stealth
 + Level 13.8(18.8) Shields
 - Level 5.0 Spellcasting
 + Level 9.6 Translocations
 * Level 16.2 Invocations
 + Level 14.4 Evocations


You had 31 spell levels left.
You knew the following spells:

 Your Spells              Type           Power      Damage    Failure   Level
e - Blink                 Tloc           38%        N/A       1%          2

Your spell library contained the following spells:

 Spells                   Type           Power      Damage    Failure   Level
 Lesser Beckoning         Tloc           38%        N/A       1%          2
 Gell's Gravitas          Tloc           19%        N/A       4%          3
 Teleport Other           Tloc           19%        N/A       4%          3
 Passage of Golubria      Tloc           19%        N/A       14%         4
 Volatile Blastmotes      Fire/Tloc      20%        2d11      30%         3
 Freeze                   Ice            8%         1d3       58%         1
 Kiss of Death            Conj/Necr      8%         2d6       58%         1
 Magic Dart               Conj           8%         1d3       58%         1
 Necrotise                Necr           8%         1d4       58%         1
 Sandblast                Erth           4%         2d4       58%         1
 Shock                    Conj/Air       8%         1d3       58%         1
 Slow                     Hex            8%         N/A       58%         1
 Sting                    Conj/Alch      8%         1d3       58%         1
 Dimensional Bullseye     Hex/Tloc       5%         N/A       69%         4
 Iskenderun's Mystic Bla  Conj/Tloc      10%        2d4       69%         4
 Vhi's Electric Charge    Tloc/Air       20%        N/A       69%         4
 Mercury Vapours          Alch/Air       4%         N/A       73%         2
 Searing Ray              Conj           4%         2d4       73%         2
 Static Discharge         Conj/Air       4%         3-4/arc   73%         2
 Confusing Touch          Hex            2%         N/A       91%         3
 Dazzling Flash           Conj/Hex       4%         N/A       91%         3
 Frozen Ramparts          Ice            4%         1d1       91%         3
 Fugue of the Fallen      Necr           2%         N/A       91%         3
 Hailstorm                Conj/Ice       2%         3d5       91%         3
 Mephitic Cloud           Conj/Alch/Air  2%         N/A       91%         3
 Ozocubu's Armour         Ice            2%         N/A       91%         3
 Passwall                 Erth           2%         N/A       91%         3
 Sigil of Binding         Hex            2%         N/A       91%         3
 Stone Arrow              Conj/Erth      4%         3d7       91%         3
 Swiftness                Air            2%         N/A       91%         3
 Vampiric Draining        Necr           2%         2d6       91%         3
 Airstrike                Air            1%         2d(1-17)  100%        4
 Brom's Barrelling Bould  Conj/Erth      2%         2d3       100%        4
 Cause Fear               Hex            1%         N/A       100%        4
 Fulminant Prism          Conj/Alch      1%         3d5       100%        4
 Olgreb's Toxic Radiance  Alch           2%         N/A       100%        4
 Alistair's Intoxication  Alch           1%         N/A       100%        5
 Arcjolt                  Conj/Air       1%         1d11      100%        5
 Borgnjor's Vile Clutch   Necr/Erth      1%         N/A       100%        5
 Curse of Agony           Necr           2%         N/A       100%        5
 Fireball                 Conj/Fire      1%         3d3       100%        5
 Iskenderun's Battlesphe  Conj           2%         2d6       100%        5
 Metabolic Englaciation   Hex/Ice        1%         N/A       100%        5
 Silence                  Hex/Air        1%         N/A       100%        5
 Bombard                  Conj/Erth      1%         9d1       100%        6
 Eringya's Noxious Bog    Alch           1%         4d6       100%        6
 Plasma Beam              Fire/Air       1%         2x1d11    100%        6
 Lehudib's Crystal Spear  Conj/Erth      1%         10d2      100%        8
 Death's Door             Necr           1%         N/A       100%        9
 Call Imp                 Summ           Unusable   N/A       N/A         2
 Call Canine Familiar     Summ           Unusable   N/A       N/A         3
 Martyr's Knell           Necr/Summ      Unusable   N/A       N/A         4
 Summon Lightning Spire   Summ/Air       Unusable   N/A       N/A         4
 Sculpt Simulacrum        Ice/Alch       Unusable   N/A       N/A         6
 Spellforged Servitor     Conj/Summ      Unusable   N/A       N/A         7
 Dragon's Call            Summ           Unusable   N/A       N/A         9

Dungeon Overview and Level Annotations

Branches:
Dungeon (15/15)            Temple (1/1) D:7            Lair (5/5) D:8
 Shoals (4/4) Lair:2        Snake (4/4) Lair:3        Slime (0/5) Lair:5
    Orc (2/2) D:12            Elf (3/3) Orc:2        Vaults (4/5) D:13
  Crypt (0/3) Vaults:2     Depths (4/4) D:15         Bailey (visited)
    Zot: Depths:4

Altars:
Ashenzari
Cheibriados
Dithmenos
Elyvilon
Fedhas
Gozag
Hepliaklqana
Kikubaaqudgha
Makhleb
Nemelex Xobeh
Okawaru
Qazlal
Ru
Sif Muna
Trog
Uskayaw
Vehumet
Wu Jian
Xom
Yredelemnul
Zin
The Shining One
Beogh

Shops:
D:4 :   D:7 **   D:9 *   D:10 :   D:11 [(!?   Orc:1 (   Orc:2 *(*[   Elf:1 [[
Elf:2 :   Shoals:1 [   Snake:4 ?(:   Vaults:1 =   Vaults:4 *   Depths:4 [

Portals:
Hell: Depths:1 Depths:2 Depths:3
Abyss: D:14 Depths:3
Pandemonium: Depths:2
Ziggurat: Depths:4
Trove: Vaults:2 (give 16 scrolls of teleportation)

Annotations:
D:14 2 transporters, Dysawode's ghost, journeyman FoFi
Elf:2 summ
Vaults:1 2 transporters, HyperOdds's ghost, adept CoNe


Innate Abilities, Weirdness & Mutations

You are immune to sickness and miasma.
Your stone body is resilient. (AC +18)
You are immune to poison.
Your large and strong wings let you fly.
You resist negative energy. (rN+)
You are resistant to electric shocks. (rElec)
You are resistant to unholy torment.
You are immune to petrification.
Your body often deteriorates upon taking damage.


Message History

The bone dragon is almost destroyed.
The bone dragon bites you but does no damage.
The bone dragon claws you but does no damage.
The bone dragon completely misses you.
You hit the bone dragon but do no damage.
The bone dragon convulses.
The bone dragon is almost destroyed.
You block the bone dragon's attack.
The bone dragon claws you but does no damage.
The bone dragon tramples you but does no damage.
You hit the bone dragon but do no damage.
The bone dragon convulses.
The bone dragon is almost destroyed.
You block the bone dragon's attack. x3
You hit the bone dragon but do no damage.
The bone dragon convulses.
The bone dragon is almost destroyed.
The bone dragon bites you but does no damage.
The bone dragon claws you but does no damage.
The bone dragon barely misses you.
You impale the bone dragon!!
The bone dragon convulses!
You destroy the bone dragon!
Okawaru accepts your kill.
The lance glows as it skewers the bone dragon.
You feel your dexterity returning.
You closely miss the yellow draconian.
You block the yellow draconian's attack.
You closely miss the yellow draconian. You puncture the yellow draconian!
The yellow draconian convulses!
The yellow draconian is moderately wounded.
You block the yellow draconian's attack.
You puncture the yellow draconian!
The yellow draconian convulses.
The yellow draconian is heavily wounded.
The yellow draconian hits you but does no damage.
You impale the yellow draconian!!
The yellow draconian convulses.
The yellow draconian is severely wounded.
The yellow draconian throws acid at you.
The acid spray hits you!!!!!
Ouch! That really hurt!
You die...

#.....^#.~..... ##
#......#...d... #.#
#.....D§§§k.).. #.#
#####d##....... #§#
##.###.~...D. #§#
##k## #....... #§#
##.#####.k.~...
#§###k.....#k......
#@#.......#.k...~.
##d#......#.q.....
###......#.~~~...
#......#.~.~...
#......##~~~...
#.....^###.....
#.[....# .......


You could see a yellow draconian (catching breath).

Vanquished Creatures
  Frederick (Vaults:4)
  A dread lich (Depths:3)
  2 ancient liches (Depths:3)
  Mennas (Vaults:3)
  Mara (Elf:3)
  Xtahua (Vaults:2)
  Boris (twice) (Vaults:1 Vaults:2)
  Saint Roka (Snake:3)
  Bai Suzhen (Shoals:4)
  5 caustic shrikes
  Vashnia (Snake:4)
  A golden dragon (Depths:3)
  Norris (Elf:2)
  2 bone dragons
  2 doom hounds (Depths:2)
  A Tzitzimitl (Depths:2)
  Mlioglotl (Snake:3)
  Asterion (Vaults:4)
  An Ice Fiend (Depths:3)
  A tentacled monstrosity (Abyss:1)
  A Hell Sentinel (Depths:3)
  4 liches
  A walking crystal tome (Depths:2)
  2 deep elf blademasters (Elf:3)
  2 walking earthen tomes
  Rupert (D:15)
  A quicksilver dragon (Abyss:1)
  3 deep elf master archers (Elf:3)
  Grunn (Depths:2)
  A walking divine tome (Depths:3)
  2 ancient champions
  5 sphinxes
  Agnes (Vaults:4)
  2 krakens (Shoals:4)
  Polyphemus (Shoals:3)
  Aizul (Snake:3)
  2 shadow dragons (Depths:2)
  Gastronok (Lair:2)
  13 tengu reavers
  3 fenstrider witches
  5 fire giants
  4 nagarajas
  Donald (Elf:3)
  9 frost giants
  2 iron dragons (Depths:3)
  6 deep elf sorcerers
  A juggernaut zombie (Depths:3)
  4 vault wardens
  2 deep elf elementalists (Elf:3)
  3 orc warlords
  2 reapers (Depths:2)
  A spriggan defender (Depths:3)
  8 stone giants
  A ghoul (Depths:3)
  2 formless jellyfish (Vaults:4)
  10 ironbound preservers
  6 vampire knights
  5 very ugly things
  8 ironbound thunderhulks
  6 deep elf death magi
  Azrael (Elf:1)
  2 deep elf demonologists (Elf:3)
  3 putrid mouths (Depths:2)
  2 spark wasps (Depths:1)
  13 deep elf annihilators
  5 dire elephants
  A war gargoyle (Depths:3)
  2 jiangshi (Depths:3)
  4 fire dragons
  2 crystal guardians
  5 ettins
  4 entropy weavers
  A spectral golden dragon (Depths:3)
  Josephine (D:10)
  8 deep elf high priests (Elf:3)
  10 yaktaur captains
  8 merfolk impalers
  5 merfolk javelineers (Shoals:4)
  6 hydras
  15 rakshasas
  7 great orbs of eyes
  Harold (Lair:2)
  4 ogre magi
  A peacekeeper (Vaults:4)
  4 salamander tyrants
  5 ice dragons
  5 spriggan air magi
  11 ironbound frosthearts
  4 catoblepae
  A sphinx zombie (D:15)
  8 centaur warriors
  3 merfolk avatars (Shoals:4)
  An alligator snapping turtle (Shoals:4)
  A death knight (Abyss:1)
  8 merfolk aquamancers
  18 two-headed ogres
  7 anacondas
  32 dancing weapons
  7 boulder beetles
  5 tengu warriors
  4 hell hogs
  5 deep troll shamans
  A satyr (Shoals:4)
  3 thrashing horrors (Abyss:1)
  3 demonic crawlers
  7 vampire magi
  9 death yaks
  8 deep troll earth magi
  16 naga sharpshooters
  7 orc high priests
  A spriggan berserker (Depths:3)
  4 occultists
  Sonja (D:12)
  Urug (Orc:1)
  8 shock serpents
  10 naga warriors
  2 hell knights
  8 iron trolls
  15 deep elf knights
  Amaemon (Lair:2)
  2 spark wasp zombies (D:15)
  6 shadow wraiths (Depths:2)
  7 skysharks
  The ghost of Alarak the Blocker, a novice FoFi of Cheibriados (D:6)
  10 salamander mystics
  8 sea snakes
  7 mana vipers
  43 deep trolls
  3 shadow demons (Depths:2)
  3 flayed ghosts
  5 naga ritualists
  3 glowing orange brains
  A mana viper (shapeshifter) (Vaults:4)
  12 skeletal warriors
  A steelbarb worm (shapeshifter) (Depths:4)
  24 deep elf archers
  6 arcanists
  A kraken simulacrum (Shoals:4)
  13 orc knights
  A spectral iron dragon (Depths:3)
  Pikel (D:3)
  A phantasmal warrior (Vaults:1)
  12 ironbound convokers
  5 thermic dynamos
  9 lindwurms
  8 necromancers
  19 harpies
  24 ugly things
  A fire giant zombie (Depths:3)
  31 deep elf pyromancers
  31 deep elf zephyrmancers
  An iron dragon zombie (Depths:3)
  3 orc sorcerers
  13 manticores
  26 salamanders
  11 cyclopes
  13 fauns
  12 elephants
  7 merfolk sirens
  A rust devil (Depths:2)
  An ice statue (Lair:4)
  29 black mambas
  An elephant (shapeshifter) (Depths:3)
  2 smoke demons (Abyss:1)
  18 naga magi
  15 vault sentinels
  4 water nymphs
  A kobold blastminer (Orc:2)
  5 guardian serpents
  An orange demon (Lair:2)
  Maggie (Lair:2)
  14 cane toads
  8 kobold demonologists (D:12)
  A gargoyle (D:12)
  2 unseen horrors (D:12)
  5 large abominations
  An unseen horror (shapeshifter) (D:14)
  3 rime drakes
  19 yaktaurs
  9 tengu conjurers
  3 freezing wraiths
  A tormentor (Depths:2)
  An ice devil (Abyss:1)
  7 komodo dragons
  4 efreet
  A red devil (Depths:3)
  5 polar bears
  22 trolls
  46 merfolk
  9 wind drakes
  2 raiju (D:12)
  5 hornets
  8 dream sheep
  8 blink frogs (Lair:3)
  A glass eye (Depths:4)
  8 snapping turtles
  35 slime creatures
  3 air elementals
  3 vampires (Vaults:2)
  A jumping spider (Vaults:4)
  3 wyverns
  14 water elementals
  8 spriggans
  5 fire elementals
  2 shadows
  6 wraiths
  A ynoxinul (Abyss:1)
  2 starcursed masses (Abyss:1)
  14 wargs
  31 yaks
  A basilisk (Lair:4)
  4 redbacks
  2 neqoxecs (Abyss:1)
  4 vampire mosquitoes (D:11)
  44 nagas
  7 hell hounds
  2 acid dragons
  An acid dragon (shapeshifter) (D:15)
  12 water moccasins
  5 ice beasts (Lair:4)
  27 orc warriors
  3 sky beasts
  5 black bears
  32 ogres
  3 small abominations (Abyss:1)
  2 laughing skulls (Abyss:1)
  7 wolves
  3 boggarts (D:15)
  14 centaurs
  2 phantoms (D:7)
  A lemure (D:3)
  3 elf zombies (Elf:1)
  3 kobold brigands
  A weeping skull (Abyss:1)
  11 bullfrogs
  7 gnoll sergeants
  A brain worm (Abyss:1)
  3 scorpions
  A glowing shapeshifter simulacrum (Depths:3)
  4 wights (D:8)
  2 jellies
  3 killer bees (D:9)
  2 howler monkeys
  An electric eel (Lair:2)
  3 lava snakes (Lair:3)
  A bombardier beetle (D:4)
  11 orc priests
  2 sleepcaps
  4 hounds
  2 gnoll boudas
  3 iguanas
  27 orc wizards
  14 adders
  20 gnolls
  A white imp (Lair:4)
  2 ufetubi (Abyss:1)
  A dart slug (D:3)
  A ribbon worm (D:2)
  106 orcs
  8 endoplasms
  3 giant cockroaches
  8 goblins
  9 hobgoblins
  9 kobolds
  A quokka (D:3)
  12 ball pythons
  4 bats
  3 frilled lizards
  4 rats
  A spectral weapon (Elf:2)
  8 tentacles (Shoals:4)
1783 creatures vanquished.

Vanquished Creatures (others)
  A deep elf knight (Elf:1)
  A deep elf zephyrmancer (Elf:3)
  A merfolk (Shoals:4)
  A water elemental (Elf:3)
  A naga (Snake:2)
  An orc wizard (Snake:3)
  An orc (Elf:3)
  17 tentacles (Shoals:4)
24 creatures vanquished.

Grand Total: 1807 creatures vanquished

Notes
Turn   | Place    | Note
-------+----------+-------------------------------------------
     0 | D:1      | mopl the Gargoyle Fighter began the quest for the Orb.
     0 | D:1      | Reached XP level 1. HP: 14/14 MP: 1/1
    18 | D:1      | You fall into a shaft and drop 1 floor!
   120 | D:1      | Reached XP level 2. HP: 19/19 MP: 2/2
   589 | D:1      | Reached XP level 3. HP: 20/23 MP: 3/3
  1261 | D:3      | Reached skill level 1 in Dodging
  1269 | D:3      | Reached skill level 3 in Maces & Flails
  1269 | D:3      | Reached XP level 4. HP: 29/29 MP: 4/4
  1589 | D:3      | Reached skill level 4 in Armour
  1595 | D:2      | Reached skill level 4 in Fighting
  1639 | D:3      | Reached XP level 5. HP: 33/33 MP: 5/5
  1711 | D:3      | Noticed a water moccasin
  1726 | D:3      | Killed a water moccasin
  1727 | D:3      | Reached skill level 4 in Maces & Flails
  1727 | D:3      | Reached XP level 6. HP: 35/38 MP: 6/6
  1961 | D:4      | Found a stormy altar of Qazlal.
  2052 | D:4      | Reached skill level 1 in Throwing
  2055 | D:4      | Reached skill level 1 in Evocations
  2369 | D:4      | Reached skill level 2 in Dodging
  2755 | D:4      | Reached XP level 7. HP: 34/44 MP: 7/7
  2798 | D:4      | Noticed Pikel
  2840 | D:3      | Killed Pikel
  2841 | D:3      | Reached skill level 5 in Fighting
  2841 | D:3      | Reached skill level 5 in Maces & Flails
  2841 | D:3      | Reached skill level 2 in Throwing
  2841 | D:3      | Reached skill level 5 in Armour
  2841 | D:3      | Reached skill level 2 in Evocations
  2841 | D:3      | Reached XP level 8. HP: 12/49 MP: 8/8
  3328 | D:4      | Found Tehel's Tiny Tomes.
  3793 | D:5      | Entered Level 5 of the Dungeon
  3898 | D:5      | Reached skill level 3 in Dodging
  3983 | D:5      | Identified the +7 mace "Heik" {venom, rN+ Int+4}
  4113 | D:5      | Reached skill level 6 in Maces & Flails
  4295 | D:5      | Reached skill level 3 in Throwing
  4572 | D:6      | Noticed Alarak's ghost (novice FoFi)
  4668 | D:6      | Noticed a hornet
  4674 | D:6      | Killed a hornet
  4675 | D:6      | Reached skill level 3 in Evocations
  4675 | D:6      | Reached XP level 9. HP: 42/55 MP: 7/9
  4826 | D:6      | Reached skill level 6 in Fighting
  4974 | D:6      | Found a runed translucent gate.
  4974 | D:6      | Found a runed translucent gate.
  4983 | D:6      | Found a runed translucent gate.
  5197 | D:6      | Found a burning altar of Makhleb.
  5369 | D:7      | Found Ymies's General Store.
  5371 | D:7      | Found Joraog's Specific Store.
  5392 | D:7      | Reached skill level 6 in Armour
  5415 | D:7      | Found a flagged portal.
  5434 | D:7      | Bought the +0 cloak of Ibbuariaz {Regen+} for 138 gold
                  | pieces
  5464 | Bailey   | Entered a bailey
  5535 | Bailey   | Reached skill level 7 in Maces & Flails
  5634 | Bailey   | Reached skill level 4 in Throwing
  5634 | Bailey   | Reached skill level 4 in Dodging
  5676 | Bailey   | Reached skill level 4 in Evocations
  5703 | Bailey   | Identified the +0 lajatang "Hoes" {flame, rElec rPois}
  5711 | Bailey   | Reached XP level 10. HP: 44/61 MP: 6/10
  5711 | Bailey   | Noticed a two-headed ogre
  5735 | Bailey   | Killed a two-headed ogre
  5736 | Bailey   | Reached skill level 7 in Fighting
  5736 | Bailey   | Reached skill level 8 in Maces & Flails
  6034 | D:7      | Reached skill level 7 in Armour
  6124 | D:7      | Identified the +0 pair of gloves of the Eternal Void {MP+9}
  6140 | D:7      | Found a staircase to the Ecumenical Temple.
  6144 | Temple   | Entered the Ecumenical Temple
  6182 | Temple   | Became a worshipper of Warmaster Okawaru
  6440 | D:8      | Found a staircase to the Lair.
  6605 | D:8      | Reached * piety under Okawaru
  6606 | D:8      | Reached skill level 1 in Invocations
  6630 | D:8      | Reached skill level 5 in Throwing
  6880 | D:8      | Reached skill level 2 in Invocations
  6889 | D:8      | Reached skill level 5 in Evocations
  7103 | D:9      | Reached ** piety under Okawaru
  7104 | D:9      | Reached skill level 9 in Maces & Flails
  7104 | D:9      | Reached skill level 5 in Dodging
  7175 | D:9      | Noticed a two-headed ogre
  7282 | D:9      | Reached XP level 11. HP: 68/68 MP: 12/12
  7297 | D:9      | Noticed a two-headed ogre
  7314 | D:9      | Killed a two-headed ogre
  7359 | D:9      | Killed a two-headed ogre
  7359 | D:9      | Reached *** piety under Okawaru
  7360 | D:9      | Reached skill level 8 in Fighting
  7360 | D:9      | Reached skill level 3 in Invocations
  7573 | D:9      | Found Viluttaw's Demolitions Depot.
  7682 | D:10     | Entered Level 10 of the Dungeon
  7723 | D:10     | Noticed Josephine
  7737 | D:10     | Killed Josephine
  7737 | D:10     | Reached **** piety under Okawaru
  7738 | D:10     | Reached skill level 8 in Armour
  8152 | D:10     | Found Wauwk's Book Emporium.
  8159 | D:10     | Noticed a cyan ugly thing
  8183 | D:10     | Killed a cyan ugly thing
  8381 | Lair:1   | Entered Level 1 of the Lair of Beasts
  8402 | Lair:1   | Reached skill level 10 in Maces & Flails
  8402 | Lair:1   | Reached skill level 6 in Throwing
  8427 | Lair:1   | Noticed a catoblepas
  8450 | Lair:1   | Killed a catoblepas
  8450 | Lair:1   | Reached ***** piety under Okawaru
  8451 | Lair:1   | Reached skill level 4 in Invocations
  8518 | Lair:1   | HP: 2/69 [komodo dragon (14)]
  8620 | Lair:1   | Reached skill level 6 in Evocations
  8620 | Lair:1   | Reached XP level 12. HP: 75/75 MP: 15/15
  8717 | Lair:1   | Noticed a boulder beetle
  8718 | Lair:1   | Found a hide-covered altar of Uskayaw.
  8720 | Lair:1   | Found an ornate altar of the Wu Jian Council.
  8737 | Lair:1   | Killed a boulder beetle
  8896 | Lair:1   | Reached skill level 6 in Dodging
  9439 | Lair:2   | Noticed Harold
  9450 | Lair:2   | Reached skill level 9 in Fighting
  9450 | Lair:2   | Reached skill level 5 in Invocations
  9463 | Lair:2   | Killed Harold
  9463 | Lair:2   | Received a gift from Okawaru
  9468 | Lair:2   | Reached skill level 9 in Armour
  9598 | Lair:2   | Reached skill level 11 in Maces & Flails
  9604 | Lair:2   | Noticed a boulder beetle
  9619 | Lair:2   | Killed a boulder beetle
  9695 | Lair:2   | Noticed Maggie
  9699 | Lair:2   | Received a gift from Okawaru
  9715 | Lair:2   | Killed Maggie
  9786 | Lair:2   | Reached skill level 7 in Throwing
  9811 | Lair:2   | Noticed Amaemon
  9833 | Lair:2   | Killed Amaemon
  9834 | Lair:2   | Reached XP level 13. HP: 70/80 MP: 16/17
  9870 | Lair:2   | Noticed Gastronok
  9902 | Lair:2   | Killed Gastronok
  9902 | Lair:2   | Received a gift from Okawaru
  9903 | Lair:2   | Reached skill level 6 in Invocations
  9971 | Lair:2   | Found a staircase to the Shoals.
  9985 | Lair:2   | Reached skill level 7 in Evocations
 10584 | Lair:3   | Reached ****** piety under Okawaru
 10589 | Lair:3   | Acquired a +2 eveningstar of holy wrath
 10589 | Lair:3   | Received a gift from Okawaru
 10591 | Lair:3   | Acquired the +2 hat "Pughoj" {Slay+6}
 10591 | Lair:3   | Received a gift from Okawaru
 10707 | Lair:3   | Found a staircase to the Snake Pit.
 11008 | Lair:3   | Received a gift from Okawaru
 11016 | Lair:3   | Reached skill level 12 in Maces & Flails
 11018 | Lair:3   | Reached skill level 10 in Fighting
 11379 | Lair:4   | Noticed an ice dragon
 11405 | Lair:4   | Killed an ice dragon
 11430 | Lair:4   | Reached skill level 10 in Armour
 11545 | Lair:4   | Reached skill level 7 in Dodging
 11930 | Lair:4   | Received a gift from Okawaru
 11931 | Lair:4   | Reached skill level 7 in Invocations
 12336 | Lair:5   | Entered Level 5 of the Lair of Beasts
 12532 | Lair:5   | Gained mutation: Your large and strong wings let you fly.
                  | [Gargoyle growth]
 12532 | Lair:5   | Reached XP level 14. HP: 87/88 MP: 19/19
 12539 | Lair:5   | Reached skill level 8 in Throwing
 12653 | Lair:5   | Received a gift from Okawaru
 12858 | Lair:5   | Reached skill level 8 in Evocations
 12864 | Lair:5   | Received a gift from Okawaru
 12865 | Lair:5   | Reached skill level 13 in Maces & Flails
 12867 | Lair:5   | Noticed a dire elephant
 12884 | Lair:5   | Killed a dire elephant
 12919 | Lair:5   | Identified the +1 leather armour of the Spider Nest {rElec
                  | Will- Int+2 SInv}
 13108 | Lair:5   | Found a staircase to the Slime Pits.
 13711 | D:11     | Found Odoenge's Magic Scroll Shoppe.
 13714 | D:11     | Found Sezxir's Distillery.
 13720 | D:11     | Bought a scroll of blinking for 105 gold pieces
 13720 | D:11     | Bought a scroll of amnesia for 56 gold pieces
 13720 | D:11     | Bought a scroll of enchant armour for 105 gold pieces
 13720 | D:11     | Bought a scroll of brand weapon for 133 gold pieces
 13720 | D:11     | Bought a scroll of silence for 133 gold pieces
 13720 | D:11     | Bought a scroll of noise for 14 gold pieces
 13720 | D:11     | Bought a scroll of identify for 28 gold pieces
 13720 | D:11     | Bought a scroll of identify for 28 gold pieces
 13734 | D:11     | Bought a potion of curing for 42 gold pieces
 13734 | D:11     | Bought a potion of curing for 42 gold pieces
 13734 | D:11     | Bought a potion of curing for 42 gold pieces
 13734 | D:11     | Bought a potion of heal wounds for 70 gold pieces
 13761 | D:11     | Found Xeyvvuse's Weapon Emporium.
 13763 | D:11     | Identified the +5 long sword of Maugous {venom, rN+ SInv}
 13825 | D:11     | Found Ribbanann's Armour Boutique.
 13918 | D:11     | Found Sodiogirel's Magic Scroll Shoppe.
 13927 | D:11     | Bought a scroll of vulnerability for 48 gold pieces
 13966 | D:11     | Found a glowing golden altar of the Shining One.
 14110 | D:11     | Reached skill level 11 in Fighting
 14584 | D:11     | Bought a scroll of revelation for 90 gold pieces
 14776 | D:12     | Reached skill level 8 in Invocations
 14833 | D:12     | Reached skill level 11 in Armour
 14865 | D:12     | Found a roughly hewn altar of Beogh.
 14865 | D:12     | Found a staircase to the Orcish Mines.
 14982 | D:12     | Received a gift from Okawaru
 15739 | D:12     | Noticed Sonja
 15743 | Abyss:1  | Found a corrupted altar of Lugonu.
 15743 | Abyss:1  | Cast into level 1 of the Abyss (Sonja)
 15785 | Abyss:1  | Found a corrupted altar of Lugonu.
 15812 | Abyss:1  | Noticed a tentacled monstrosity
 15962 | Abyss:1  | Gained mutation: Your body sometimes deteriorates upon
                  | taking damage. [a neqoxec]
 15965 | Abyss:1  | Reached XP level 15. HP: 95/95 MP: 21/21
 16005 | Abyss:1  | Reached skill level 8 in Dodging
 16061 | Abyss:1  | Received a gift from Okawaru
 16122 | Abyss:1  | Found a corrupted altar of Lugonu.
 16185 | Abyss:1  | Killed a tentacled monstrosity
 16191 | Abyss:1  | Gained mutation: Your body often deteriorates upon taking
                  | damage. [a neqoxec]
 16252 | Abyss:1  | Reached skill level 9 in Throwing
 16487 | Abyss:1  | Noticed a quicksilver dragon
 16509 | Abyss:1  | Killed a quicksilver dragon
 16510 | Abyss:1  | Reached skill level 14 in Maces & Flails
 16534 | D:12     | Escaped the Abyss
 16546 | D:12     | Killed Sonja
 16735 | D:12     | Reached skill level 9 in Invocations
 16791 | D:12     | Identified the death talisman of Leaves {*Slow Will+ Dex+6}
 16886 | D:12     | Received a gift from Okawaru
 16915 | D:12     | Reached skill level 9 in Evocations
 17320 | D:11     | Bought a scroll of fear for 48 gold pieces
 17358 | Orc:1    | Entered Level 1 of the Orcish Mines
 17412 | Orc:2    | Entered Level 2 of the Orcish Mines
 17677 | Orc:2    | Received a gift from Okawaru
 17678 | Orc:2    | Reached skill level 12 in Fighting
 17720 | Orc:2    | Reached skill level 12 in Armour
 17843 | Orc:1    | Found Lacopp's Weapon Shop.
 18014 | Orc:2    | Found Camuwn's Assorted Antiques.
 18014 | Orc:2    | Found Yfokk's Assorted Antiques.
 18015 | Orc:2    | Found Paewuic's Weapon Emporium.
 18015 | Orc:2    | Found Nivups's Antique Armour Shop.
 18022 | Orc:2    | Bought a scroll labelled WUH SEBBOMNO for 19 gold pieces
 18080 | Orc:2    | Reached XP level 16. HP: 92/101 MP: 23/23
 18146 | Orc:2    | Found a staircase to the Elven Halls.
 18392 | Orc:2    | Found a bloodstained altar of Trog.
 18600 | Orc:1    | Noticed Urug
 18608 | Orc:1    | Killed Urug
 18671 | Orc:1    | You are sucked into a shaft and drop 1 floor!
 18775 | Orc:2    | Bought a curved ivory wand for 108 gold pieces
 18776 | Orc:2    | Bought a potion of heal wounds for 95 gold pieces
 18776 | Orc:2    | Bought a potion of heal wounds for 95 gold pieces
 18778 | Orc:2    | Bought a spiked chain mail for 285 gold pieces
 18778 | Orc:2    | Identified the +8 chain mail "Pierphiw" {Str+6 Int-4} (You
                  | bought it in a shop on level 2 of the Orcish Mines)
 18846 | D:11     | Bought a scroll of enchant weapon for 90 gold pieces
 19034 | D:13     | Identified a scroll of acquirement
 19035 | D:13     | Acquired 838 gold pieces
 19323 | D:13     | Received a gift from Okawaru
 19332 | D:13     | Found a gate to the Vaults.
 19417 | D:14     | Identified the ring "Wynoc" {Int+3 SInv}
 19594 | D:14     | Found a transporter.
 19728 | D:14     | Reached skill level 15 in Maces & Flails
 19751 | D:14     | Reached skill level 4 in Shields
 19757 | D:14     | Found a transporter.
 19786 | D:14     | Found a one-way gate to the infinite horrors of the Abyss.
 19793 | D:14     | Noticed Dysawode's ghost (journeyman FoFi)
 19798 | D:14     | Identified the ring "Paan Ziv" {Will+ Slay+2 SInv}
 19817 | D:14     | Noticed a profane servitor
 20034 | D:15     | Entered Level 15 of the Dungeon
 20057 | D:15     | Found a staircase to the Depths.
 20067 | D:15     | Received a gift from Okawaru
 20177 | D:15     | Found a bloodstained altar of Trog.
 20223 | D:15     | Reached skill level 9 in Dodging
 20247 | D:15     | Reached skill level 10 in Throwing
 20370 | D:15     | Noticed Rupert
 20381 | D:15     | Paralysed by Rupert for 4 turns
 20389 | D:15     | Killed Rupert
 20390 | D:15     | Reached skill level 10 in Invocations
 20904 | D:11     | Bought a scroll of blinking for 90 gold pieces
 20904 | D:11     | Bought a scroll of identify for 24 gold pieces
 20935 | D:11     | Bought a potion of haste for 140 gold pieces
 20935 | D:11     | Bought a potion of haste for 140 gold pieces
 20935 | D:11     | Bought a potion of heal wounds for 70 gold pieces
 21004 | Orc:2    | Bought a potion of curing for 81 gold pieces
 21004 | Orc:2    | Bought a potion of curing for 81 gold pieces
 21004 | Orc:2    | Bought a potion of curing for 81 gold pieces
 21199 | Snake:1  | Entered Level 1 of the Snake Pit
 21277 | Snake:1  | Received a gift from Okawaru
 21446 | Snake:1  | Reached skill level 5 in Shields
 21687 | Snake:2  | Found a broken altar of Ashenzari.
 21705 | Snake:2  | Reached XP level 17. HP: 108/108 MP: 24/24
 21766 | Snake:2  | Reached skill level 10 in Evocations
 21768 | Snake:2  | Received a gift from Okawaru
 22104 | Snake:2  | Reached skill level 13 in Fighting
 22330 | Snake:3  | Reached skill level 13 in Armour
 22337 | Snake:3  | Received a gift from Okawaru
 22499 | Snake:3  | Reached skill level 16 in Maces & Flails
 22499 | Snake:3  | Reached skill level 6 in Shields
 22610 | Snake:3  | Noticed Saint Roka
 22618 | Snake:3  | Paralysed by an orc sorcerer for 3 turns
 22620 | Snake:3  | Identified the serpent talisman of Fun and Games {rElec
                  | Int+4 Dex-3}
 22620 | Snake:3  | Noticed Aizul
 22642 | Snake:3  | Killed Aizul
 22664 | Snake:3  | Killed Saint Roka
 22886 | Snake:3  | Noticed Mlioglotl
 22893 | Snake:3  | Noticed a tentacled starspawn
 22894 | Snake:3  | Killed Mlioglotl
 22895 | Snake:3  | Reached skill level 11 in Invocations
 23255 | Snake:4  | Entered Level 4 of the Snake Pit
 23256 | Snake:4  | Found Aschyu's Antique Weapon Boutique.
 23263 | Snake:4  | Received a gift from Okawaru
 23565 | Snake:4  | Identified the +6 falchion of the Vendetta {drain, rF+
                  | Int+4}
 23735 | Snake:4  | Reached XP level 18. HP: 104/115 MP: 26/26
 23745 | Snake:4  | Reached skill level 11 in Throwing
 23763 | Snake:4  | Reached skill level 7 in Shields
 23973 | Snake:4  | Received a gift from Okawaru
 24020 | Snake:4  | Reached skill level 10 in Dodging
 24101 | Snake:4  | Found Tizxa's Magic Scroll Shop.
 24104 | Snake:4  | Bought a scroll of blinking for 150 gold pieces
 24323 | Snake:4  | Noticed Vashnia
 24345 | Snake:4  | Killed Vashnia
 24357 | Snake:4  | Received a gift from Okawaru
 24460 | Snake:4  | Got a serpentine rune of Zot
 24559 | Snake:4  | Found Furor's Book Shop.
 24895 | Shoals:1 | Entered Level 1 of the Shoals
 24907 | Shoals:1 | Reached skill level 11 in Evocations
 24930 | Shoals:1 | Reached skill level 14 in Fighting
 24990 | Shoals:1 | Found Leps's Armour Shoppe.
 25340 | Shoals:1 | Reached skill level 8 in Shields
 25397 | Shoals:1 | Reached skill level 14 in Armour
 25571 | Shoals:1 | Received a gift from Okawaru
 26039 | Shoals:2 | Reached skill level 12 in Invocations
 26228 | Shoals:2 | Learned a level 2 spell: Blink
 26721 | Shoals:3 | Reached skill level 1 in Translocations
 26803 | Shoals:3 | Reached skill level 1 in Spellcasting
 26826 | Shoals:3 | Received a gift from Okawaru
 26870 | Shoals:3 | Reached XP level 19. HP: 122/122 MP: 28/28
 27272 | Shoals:4 | Entered Level 4 of the Shoals
 27279 | Shoals:4 | Noticed Polyphemus
 27322 | Shoals:3 | Killed Polyphemus
 27469 | Shoals:4 | Reached skill level 2 in Translocations
 27508 | Shoals:4 | Reached skill level 2 in Spellcasting
 27826 | Shoals:4 | Noticed Bai Suzhen
 27862 | Shoals:4 | Killed Bai Suzhen
 27870 | Shoals:4 | Received a gift from Okawaru
 27878 | Shoals:4 | Reached skill level 9 in Shields
 28011 | Shoals:4 | Got a barnacled rune of Zot
 28700 | Shoals:4 | Reached skill level 3 in Translocations
 28706 | Shoals:4 | Reached skill level 12 in Throwing
 29335 | D:12     | Reached skill level 3 in Spellcasting
 29372 | Vaults:1 | Entered Level 1 of the Vaults
 29415 | Vaults:1 | Received a gift from Okawaru
 29593 | Vaults:1 | Identified the +3 robe of the New World {^Drain rC+ MP+9
                  | SInv}
 29593 | Vaults:1 | Noticed Boris
 29625 | Vaults:1 | Killed Boris
 29864 | Vaults:1 | Found a radiant altar of Vehumet.
 29864 | Vaults:1 | Found the +3 robe of Clouds {*Thunder rCloud rElec}
 29873 | Vaults:1 | Reached skill level 11 in Dodging
 29877 | Vaults:1 | Identified the +0 robe of Tyles {Str+7}
 29882 | Vaults:1 | Identified the +2 hat of Card Tricks {rElec rPois}
 29896 | Vaults:1 | Identified the +1 robe of Light {rElec Str+3}
 29953 | Vaults:1 | Received a gift from Okawaru
 30110 | Vaults:1 | Found Uxehi's Jewellery Boutique.
 30231 | Vaults:1 | Found a transporter.
 30250 | Vaults:1 | Found a transporter.
 30276 | Vaults:1 | Noticed HyperOdds's ghost (adept CoNe)
 30327 | Vaults:1 | Reached skill level 15 in Fighting
 30480 | Vaults:1 | Reached XP level 20. HP: 129/129 MP: 29/29
 30668 | Vaults:1 | Reached skill level 4 in Translocations
 31261 | D:6      | Killed Alarak's ghost
 31711 | Vaults:2 | Found a portal to a secret trove of treasure.
 31753 | Vaults:2 | Reached skill level 4 in Spellcasting
 31760 | Vaults:2 | Received a gift from Okawaru
 31761 | Vaults:2 | Reached skill level 13 in Invocations
 31858 | Vaults:2 | Identified the +2 robe "Holyhime" {Harm *Slow rF+ Str+4}
 31858 | Vaults:2 | Noticed Boris
 31869 | Vaults:2 | Killed Boris
 32048 | Vaults:2 | Reached skill level 12 in Evocations
 32114 | Vaults:2 | Reached skill level 15 in Armour
 32140 | Vaults:2 | Found a roughly hewn altar of Beogh.
 32191 | Vaults:2 | Reached skill level 10 in Shields
 32339 | Vaults:2 | Received a gift from Okawaru
 32502 | Vaults:2 | Noticed Xtahua
 32507 | Vaults:2 | Paralysed by Xtahua for 3 turns
 32527 | Vaults:2 | Killed Xtahua
 32718 | Vaults:2 | Found a staircase to the Crypt.
 33339 | Vaults:3 | Received a gift from Okawaru
 33341 | Vaults:3 | Noticed Mennas
 33353 | Vaults:3 | Reached skill level 5 in Translocations
 33384 | Vaults:3 | Killed Mennas
 33627 | Vaults:3 | Reached skill level 5 in Spellcasting
 33825 | Vaults:3 | Reached XP level 21. HP: 94/135 MP: 24/31
 34080 | Vaults:3 | Received a gift from Okawaru
 34405 | Vaults:3 | Identified the +1 arbalest "Tiunyal" {speed, rElec Dex+3}
 35005 | Vaults:4 | Noticed Asterion
 35127 | Vaults:4 | Noticed Sojobo
 35147 | Vaults:4 | Killed Asterion
 35296 | Vaults:4 | Reached skill level 13 in Throwing
 35353 | Vaults:4 | Reached skill level 11 in Shields
 35421 | Vaults:4 | Noticed Agnes
 35430 | Vaults:4 | Reached skill level 6 in Translocations
 35435 | Vaults:4 | Killed Agnes
 35459 | Vaults:4 | Identified the orb "Cejudiut" {*channel, Str-2 Int+5 Summ
                  | Fire}
 35459 | Vaults:4 | Noticed Frederick
 35498 | Vaults:4 | Received a gift from Okawaru
 35639 | Vaults:4 | Found Jeumen's Assorted Antiques.
 35737 | Vaults:4 | Reached skill level 16 in Fighting
 35746 | Vaults:4 | Reached skill level 14 in Invocations
 35935 | Vaults:4 | Killed Frederick
 36326 | Vaults:4 | Reached skill level 12 in Dodging
 36606 | Elf:1    | Entered Level 1 of the Elven Halls
 36609 | Elf:1    | Paralysed by an air elemental for 1 turns
 36612 | Elf:1    | Received a gift from Okawaru
 36712 | Elf:1    | Found Nuxkerha's Antique Armour Shop.
 36879 | Elf:1    | Reached skill level 16 in Armour
 37004 | Elf:1    | Got Tochuss's Tractate on Carrion
 37051 | Elf:1    | Found a radiant altar of Vehumet.
 37102 | Elf:1    | Received a gift from Okawaru
 37109 | Elf:1    | Reached XP level 22. HP: 96/142 MP: 25/32
 37147 | Elf:1    | Found Nyd Etho's Antique Armour Boutique.
 37291 | Elf:1    | Found the ring of the Tortoise {AC+8}
 37531 | Elf:2    | Noticed Azrael
 37608 | Elf:1    | Reached skill level 13 in Evocations
 37642 | Elf:1    | Killed Azrael
 37740 | Elf:2    | Found Pyilavut's Vocational Training.
 37842 | Elf:2    | Paralysed by an air elemental for 1 turns
 37887 | Elf:2    | Found a runed translucent gate.
 37887 | Elf:2    | Found a runed translucent gate.
 37890 | Elf:2    | Found a runed translucent gate.
 38047 | Elf:2    | Reached skill level 7 in Translocations
 38398 | Elf:2    | Received a gift from Okawaru
 38718 | Elf:3    | Entered Level 3 of the Elven Halls
 38944 | Elf:3    | Noticed Norris
 38944 | Elf:3    | Noticed Mara
 38954 | Elf:3    | Reached skill level 12 in Shields
 38974 | Elf:2    | Killed Norris
 39079 | Elf:3    | Reached skill level 1 in Stealth
 39096 | Elf:3    | Received a gift from Okawaru
 39264 | Elf:3    | Killed Mara
 39265 | Elf:3    | Reached skill level 2 in Stealth
 39907 | Elf:3    | Received a gift from Okawaru
 39920 | Elf:3    | Noticed Donald
 39931 | Elf:3    | Killed Donald
 39965 | Elf:3    | Reached skill level 3 in Stealth
 40022 | Elf:3    | Identified the amulet "Zeemior" {RegenMP Harm rF+ rN+
                  | Int+3}
 40138 | Elf:3    | Reached skill level 15 in Invocations
 40227 | Elf:3    | Identified the +8 short sword of Gravity {holy, rPois Str+3
                  | Dex+3}
 40230 | Elf:3    | Reached XP level 23. HP: 148/148 MP: 34/34
 40270 | Elf:3    | Identified the +0 chain mail of Disguise {rC- Int+6 Dex+3
                  | SInv}
 40287 | Elf:3    | Identified the +0 robe of Samy {Stlth+}
 40296 | Elf:3    | Received a gift from Okawaru
 40297 | Elf:3    | Reached skill level 8 in Translocations
 40437 | Elf:3    | Identified the +0 pair of gloves of the Fife {Regen+ Int+2}
 40455 | Elf:3    | Identified the +4 orcbow of Bodily Harmony {drain, rF+ rN+
                  | Str+4}
 40458 | Elf:3    | Identified the +10 sling "Heckuin" {freeze, Int+4}
 41056 | Elf:3    | Identified the +5 arbalest of Checks and Balances {heavy,
                  | rF+ Will+}
 41484 | Depths:1 | Entered Level 1 of the Depths
 41584 | Depths:1 | Reached skill level 17 in Fighting
 41738 | Depths:1 | You are sucked into a shaft and drop 1 floor!
 41754 | Depths:2 | Reached skill level 4 in Stealth
 41820 | Depths:2 | Reached skill level 14 in Throwing
 41878 | Depths:2 | Found the +5 robe of Night {Dark Will+ SInv}
 41880 | Depths:2 | Found a shadowy altar of Dithmenos.
 42011 | Depths:2 | Found a one-way gate leading to the halls of Pandemonium.
 42063 | Depths:2 | Received a gift from Okawaru
 42257 | Depths:2 | Noticed Grunn
 42269 | Depths:2 | Reached skill level 5 in Stealth
 42280 | Depths:2 | Reached skill level 17 in Armour
 42294 | Depths:2 | Killed Grunn
 42537 | Depths:2 | Received a gift from Okawaru
 42620 | Depths:2 | Reached skill level 13 in Dodging
 42882 | Depths:2 | Found a gateway to Hell.
 43153 | Depths:1 | Reached skill level 13 in Shields
 43289 | Depths:1 | Found an ornate altar of the Wu Jian Council.
 43544 | Depths:2 | Reached skill level 6 in Stealth
 43619 | Depths:2 | Received a gift from Okawaru
 43753 | Depths:3 | Reached skill level 14 in Evocations
 43783 | Depths:3 | Reached XP level 24. HP: 153/156 MP: 32/34
 43957 | Depths:3 | Reached skill level 9 in Translocations
 43994 | Depths:3 | Identified the ring of Etamnole {Ice Will- Int+5}
 44120 | Depths:3 | Noticed an ancient lich
 44126 | Depths:3 | Noticed a caustic shrike
 44129 | Depths:3 | Noticed a caustic shrike
 44130 | Depths:3 | Noticed a caustic shrike
 44131 | Depths:3 | Killed an ancient lich
 44131 | Depths:3 | Received a gift from Okawaru
 44137 | Depths:3 | Noticed a caustic shrike
 44265 | Depths:2 | Killed a caustic shrike
 44286 | Depths:2 | Killed a caustic shrike
 44325 | Depths:2 | Killed a caustic shrike
 44326 | Depths:2 | Reached skill level 7 in Stealth
 44383 | Depths:2 | Killed a caustic shrike
 44538 | Depths:3 | Reached skill level 18 in Fighting
 44574 | Depths:3 | Noticed an ancient lich
 44585 | Depths:3 | Killed an ancient lich
 44606 | Depths:3 | Noticed a dread lich
 44613 | Depths:3 | Reached skill level 16 in Invocations
 44621 | Depths:3 | Killed a dread lich
 44621 | Depths:3 | Received a gift from Okawaru
 44814 | Depths:3 | Noticed a caustic shrike
 44822 | Depths:3 | Killed a caustic shrike
 44985 | Depths:3 | Identified the ring of the Bouncing Thickets {Fly rN+
                  | Slay+2}
 45237 | Depths:3 | Found the +8 lance "Wyrmbane" {slay drac, rPois rF+ rC+
                  | AC+3}
 45274 | Depths:3 | Identified the +2 cloak "Tytius" {Will+ Dex-3 Stlth+}
 45392 | Depths:3 | Received a gift from Okawaru
 45550 | Depths:4 | Entered Level 4 of the Depths
 45557 | Depths:4 | Found Uniriwk's Armour Shop.
 45609 | Depths:3 | Reached skill level 1 in Polearms
 45625 | Depths:4 | Reached skill level 8 in Stealth
 45637 | Depths:4 | Found a one-way gateway to a ziggurat.
 45737 | Depths:4 | Killed from afar by a yellow draconian

Illustrated notes

Levels and vault maps discovered:
D:1:      lightli_arrival_lavapool, layout_basic, chequers_arboretum,
          chequers_serial_rivers_small_a
D:2:      layout_rooms, minmay_splitting_lines, minmay_misc_feat_diagonals
D:3:      cheibrodos_helix_gallery, layout_basic, minmay_misc_feat_plants
D:4:      layout_layer_cave, kennysheep_mini_moat,
          nicolae_shop_i_like_small_books_too, uniq_pikel
D:5:      layout_loops_cross, fountainhead
D:6:      layout_loops_corners, makhleb_blood_cavern_becter,
          gammafunk_ghost_split
D:7:      layout_cave_pools, minmay_temple_entry_steel_oval, enter_bailey_3,
          hangedman_abyss_or_decor_slice, hangedman_decor_clover_reticule,
          nicolae_specific_store
D:8:      layout_rooms, lair_entry_dummy
D:9:      layout_rooms, grunt_decor_clamped, kennysheep_cross_bottleneck,
          nicolae_blasting_shop
D:10:     layout_rooms, serial_shops, shop, uniq_josephine
D:11:     lemuel_ice_spiral_2, layout_rooms, serial_shops, shop, shop,
          shop_scrolls, shop, nicolae_take_the_stairs, kennysheep_minor_cross,
          nicolae_tso_carved_into_rock
D:12:     lemuel_castle_with_subvaults [lemuel_castle_interior_original],
          layout_irregular_city, david_orc_5, chequers_mini_garden, uniq_sonja
D:13:     layout_big_octagon, erik_vaults_1
D:14:     layout_loops_cross, gammafunk_ghost_abyssal_escape, chequers_garden
D:15:     gammafunk_depths_entry_grave, layout_basic, serial_corexii_hall,
          corexii_hall_statues_s, corexii_hall_statues_x,
          chequers_hall_statues_y, corexii_hall_statues_t,
          trog_three_pillars_becter, uniq_rupert
Temple:   mainiacjoe_temple_cubbyholes
Lair:1:   layout_cave_pods, cheibrodos_lair_caveside_slide,
          nicolae_quartered_pool_impasse, nzn_masters_of_martial_movement
Lair:2:   layout_loops_ring, elwin_shoals_entry_rooms, serial_bayou_shore_b,
          serial_bayou_shore_b, grunt_megastairs_5, lemuel_fruit_fields,
          uniq_amaemon, uniq_maggie, uniq_harold, uniq_gastronok
Lair:3:   minmay_lair_venomous_thicket, layout_long_grid,
          nicolae_snake_entry_warm_welcome, serial_bayou_shore_a
Lair:4:   layout_gridlike, ice2_lemuel
Lair:5:   grunt_lair_end_beastmaster, layout_loops_ring, slime_entry_1,
          grunt_forest_large_clearing_hut
Shoals:1: layout_shoals, serial_shops, nicolae_shop_rolling_square
Shoals:2: layout_shoals
Shoals:3: layout_shoals
Shoals:4: shoals_end_grunt_ice, layout_shoals, uniq_bai_suzhen, uniq_polyphemus
Snake:1:  layout_rooms
Snake:2:  layout_rooms, basic_altar, grunt_ministairs_11
Snake:3:  layout_cave_town, uniq_aizul, uniq_mlioglotl, uniq_saint_roka
Snake:4:  johnstein_snake_rune_scales, layout_chambers, serial_shops,
          nicolae_shop_tiny_waterfront, nicolae_shop_rolled_up,
          nicolae_shop_behind_doors, drop_trap, uniq_vashnia
Orc:1:    layout_caves, serial_shops, shop, uniq_urug
Orc:2:    st_orc_ogre_mass, layout_caves, basic_altar
Elf:1:    elf_arrival_002, layout_geoelf_octagon, serial_shops,
          nicolae_shop_waterfront, basic_altar, minmay_elf_necromancy,
          minmay_shop_star
Elf:2:    nicolae_elf_blades_splatter_lattice [nicolae_blade_little_rooms],
          layout_geoelf_diagonals, nicolae_shop_vocational, uniq_azrael
Elf:3:    minmay_elf_hall_hex, layout_gridlike, guppyfry_elf_castle,
          uniq_norris, uniq_mara, uniq_donald
Vaults:1: gammafunk_ghost_mausoleum, v_misc_12, grunt_vaults_bifocal,
          nicolae_vaults_wrenched, grunt_tower_of_power, v_misc_10,
          nicolae_vaults_windows_and_doors_thing,
          vaults_room_grunt_arrival_ludios, nicolae_vaults_network_barrier,
          layout_vaults_chaotic_city, serial_shops, nicolae_shop_gaudy_bauble,
          uniq_boris
Vaults:2: nicolae_vaults_inception_statues, ontoclasm_vaults_ring_large,
          minmay_crypt_entry_vampire_xt, lightli_church_of_beogh,
          nicolae_vaults_circle_grid_b, nicolae_vaults_apartment_1,
          hangedman_vaults_snaps, vaults_room_corners, v_misc_9,
          layout_vaults_omnigrid, enter_trove_2, uniq_xtahua
Vaults:3: nicolae_vaults_oval_intersection, nicolae_vaults_what_the_h,
          vaults_room_boxed, vaults_room_door_hall, st_lines,
          nicolae_vaults_surprise_closet, nicolae_vaults_trapezoid_1,
          nicolae_vaults_angled_halls, vaults_room_stairs_pillars,
          nicolae_vaults_diagonal_hallway_6, minmay_orc_keep,
          nicolae_vaults_yaktaur_gun_rack, nicolae_vaults_little_squares_1,
          layout_vaults_ring, uniq_mennas
Vaults:4: v_misc_29, grunt_vaults_trifunnel, hangedman_vaults_stagger,
          nicolae_vaults_network_s, nicolae_vaults_little_squares_4,
          vaults_room_semicircle, v_misc_2, vaults_room_hallway, sword_in_stone,
          hangedman_vaults_nails, nicolae_vaults_little_squares_6,
          layout_vaults_omnibox, serial_shops, shop, uniq_sojobo
Depths:1: layout_basic, hell_entry, pdpol_wu_jian_five_deadly_venoms,
          grunt_megastairs_2
Depths:2: regret_index_dithmenos_brocken_genspenst, layout_small_grid,
          rand_demon_pan_entry_1, hell_entry, minmay_evil_grid,
          minmay_staircase_statues_hall_small, grunt_megastairs_1, uniq_grunn
Depths:3: hellmonk_hyper_hexagons [hex_subvault_orbs,
          hex_subvault_ellipse_pattern, hex_subvault_two_sheets,
          hex_subvault_big_grid, hex_subvault_filled, hex_subvault_bowtie,
          hex_subvault_angles], hell_entry, abyss_entry
Depths:4: evilmike_zot_entry_argh, layout_long_grid, enter_ziggurat_b,
          abyss_entry, nicolae_the_louvre, hell_entry, serial_shops, shop,
          minmay_shop_grove, uniq_margery

Skill      XL: |  1  2  3  4  5  6  7  8  9 10 11 12 13 14 15 16 17 18 19 20 21 22 23 24 |
---------------+-------------------------------------------------------------------------+-----
Dodging        | 1 2 3 4 5 6 7 8 9 10 11 12 13 | 13.5
Maces & Flails | 3 4 5 6 7 9 10 11 12 13 14 15 16 | 16.0
Armour         | 4 5 6 7 8 9 10 11 12 13 14 15 16 17 | 17.7
Fighting       | 4 5 6 7 8 9 10 11 12 13 14 15 16 17 18 | 18.4
Throwing       | 1 2 3 4 5 6 7 8 9 10 11 12 13 14 | 14.8
Evocations     | 1 2 3 4 5 6 7 8 9 10 11 12 13 14 | 14.4
Invocations    | 2 4 5 7 8 9 10 11 12 13 14 15 16 | 16.2
Shields        | 5 6 8 9 10 11 12 13 | 13.8
Translocations | 1 3 5 6 7 8 9 |  9.6
Spellcasting   | 1 3 5 |  5.0
Stealth        | 3 6 8 |  8.0
Polearms       | 1 |  1.2

Action                     |  1- 3 |  4- 6 |  7- 9 | 10-12 | 13-15 | 16-18 | 19-21 | 22-24 || total
---------------------------+-------+-------+-------+-------+-------+-------+-------+-------++-------
  Melee: Flail             |   134 |   190 |    99 |       |       |       |       |       ||   423
         Mace              |       |       |   131 |   747 |  1511 |   106 |       |       ||  2495
         Long sword        |       |       |       |       |    11 |       |       |       ||    11
         Eveningstar       |       |       |       |       |       |  1262 |  1614 |  1585 ||  4461
         Unarmed           |       |       |       |       |       |       |    13 |       ||    13
         Lance             |       |       |       |       |       |       |       |    36 ||    36
  Throw: Boomerang         |       |       |     3 |     1 |     5 |       |    74 |   163 ||   246
         Dart              |       |       |       |     5 |       |       |       |       ||     5
         Javelin           |       |       |       |       |       |       |    17 |     3 ||    20
   Cast: Blink             |       |       |       |       |       |       |     1 |     1 ||     2
 Invoke: Heroism           |       |       |       |     2 |    11 |     6 |    16 |     9 ||    44
         Receive Weapon    |       |       |       |       |     1 |       |       |       ||     1
         Receive Armour    |       |       |       |       |     1 |       |       |       ||     1
         Finesse           |       |       |       |       |       |     1 |     1 |     1 ||     3
  Evoke: Wand              |       |       |     2 |       |     1 |     1 |       |     3 ||     7
    Use: Potion            |       |       |     2 |     1 |       |     1 |     4 |     3 ||    11
         Scroll            |       |       |       |    10 |     3 |    11 |     7 |     5 ||    36
   Stab: Petrified         |       |       |       |       |     7 |       |    12 |       ||    19
         Petrifying        |       |       |       |       |     1 |       |     1 |       ||     2
 Armour: Scale mail        |    65 |   124 |    61 |   107 |  1008 |    70 |       |       ||  1435
         Chain mail        |       |       |    74 |   436 |       |   961 |  1165 |  1160 ||  3796
         Ice dragon scales |       |       |       |       |    18 |       |       |       ||    18
         Skin              |       |       |       |       |       |       |     4 |       ||     4
  Dodge: Dodged            |   124 |   192 |   152 |   580 |  1217 |   973 |  1150 |   836 ||  5224
         Repelled          |     1 |     1 |     3 |     5 |    19 |    49 |    39 |    94 ||   211
  Block: Buckler           |    41 |    58 |    49 |   135 |   348 |   222 |   190 |   135 ||  1178
         Kite shield       |       |       |       |       |       |   340 |   613 |   817 ||  1770
         Reflection        |       |       |       |       |       |       |       |    24 ||    24

Table legend: (Time is in decaauts)
 A = Elapsed time spent in this place.
 B = Non-inter-level travel time spent in this place.
 C = Inter-level travel time spent in this place.
 D = Time resting spent in this place.
 E = Time spent auto-exploring this place.
 F = Levels seen in this place.
 G = Mean time per level.
                   A        B        C        D        E       F      G
               +--------+--------+--------+--------+--------+-----+--------+
         Total |  44545 |  38551 |   5994 |   2990 |  21919 |  44 | 1012.4 |
       Dungeon |  14432 |  11594 |   2838 |   1032 |   7153 |  15 |  962.1 |
        Temple |     74 |      2 |     72 |      0 |      0 |   1 |   74.0 |
          Lair |   5688 |   4846 |    842 |    118 |   3188 |   5 | 1137.6 |
        Shoals |   3748 |   3545 |    203 |     63 |   2213 |   4 |  937.0 |
     Snake Pit |   3620 |   3276 |    344 |     46 |   2109 |   4 |  905.0 |
  Orcish Mines |   1601 |   1242 |    359 |    111 |    671 |   2 |  800.5 |
   Elven Halls |   4106 |   3497 |    609 |    374 |   1592 |   3 | 1368.7 |
        Vaults |   6195 |   5616 |    579 |    623 |   3285 |   4 | 1548.8 |
        Depths |   3981 |   3838 |    143 |    449 |   1545 |   4 |  995.2 |
         Abyss |    739 |    739 |      0 |    116 |     96 |   1 |  739.0 |
        Bailey |    357 |    357 |      0 |     57 |     66 |   1 |  357.0 |
               +--------+--------+--------+--------+--------+-----+--------+

Top non-repeatable levels by time:
Vaults:1: 1982 daAuts
    D:12: 1963 daAuts
Depths:2: 1754 daAuts
   Elf:3: 1570 daAuts
Vaults:2: 1513 daAuts
Depths:3: 1494 daAuts
 Snake:4: 1484 daAuts
Vaults:3: 1463 daAuts
     D:4: 1460 daAuts
  Lair:1: 1384 daAuts
  Lair:2: 1370 daAuts
   Elf:2: 1348 daAuts
Shoals:4: 1239 daAuts
Vaults:4: 1236 daAuts
   Elf:1: 1187 daAuts
